 Dungeon Crawl Stone Soup version 0.29-a0-555-g3b24f45cc1 (webtiles) character file.

Game seed: 15651991123741826026

124 grumblor the Skirmisher (level 4, -11/38 HPs)
             Began as a Mummy Fighter on June 8, 2022.
             Killed from afar by Sigmund (13 damage)
             ... with a puff of flame
             ... on level 3 of the Dungeon.
             The game lasted 00:05:09 (2656 turns).

grumblor the Skirmisher (Mummy Fighter)             Turns: 2656, Time: 00:05:10

Health: -11/38     AC:  7    Str: 21    XL:     4   Next: 81%
Magic:  0/4        EV:  9    Int:  7    God:
Gold:   94         SH:  0    Dex: 11    Spells: 3/3 levels left

rFire   x . .      SeeInvis .   a - +0 war axe (flame)
rCold   + . .      Faith    .   c - +0 buckler
rNeg    + + +      Spirit   +   b - +0 scale mail
rPois   ∞          Reflect  .   (no helmet)
rElec   .          Harm     .   (no cloak)
rCorr   .          Rampage  .   (no gloves)
Will    .....                   h - +0 pair of boots
Stlth   ..........              d - amulet of guardian spirit
HPRegen 0.12/turn               (no ring)
MPRegen 0.09/turn               (no ring)

@: confused
A: cold resistance 1, negative energy resistance 3, torment resistance 2, heat
vulnerability 1, in touch with death 1, no potions
a: no special abilities


You were on level 3 of the Dungeon.
You visited 1 branch of the dungeon, and saw 3 of its levels.

You collected 94 gold pieces.

Inventory:

Hand Weapons
 a - a +0 war axe of flaming (weapon)
Missiles
 g - 2 atropa-tipped darts (quivered)
Armour
 b - a +0 scale mail (worn)
 c - a +0 buckler (worn)
 h - a +0 pair of boots (worn)
Jewellery
 d - an amulet of guardian spirit (around neck)
Scrolls
 f - 2 scrolls of amnesia
 i - a scroll of magic mapping {unknown}


   Skills:
 * Level 4.3 Fighting
 + Level 3.2 Axes
 - Level 2.4 Armour
 - Level 2.4 Shields


You had 3 spell levels left.
You didn't know any spells.
Your spell library was empty.

Dungeon Overview and Level Annotations

Branches:
Dungeon (3/15)

Altars:

Annotations:
D:3 Sigmund


Innate Abilities, Weirdness & Mutations

You are immune to poison.
Your flesh is cold resistant. (rC+)
You are immune to negative energy. (rN+++)
You are immune to unholy pain and torment.
You are vulnerable to heat. (rF-)
You are in touch with the powers of death.
You do not drink.


Message History

You hear some strange, mumbled words.
A puff of flame appears from out of thin air!
The puff of flame hits you.
* * * LOW HITPOINT WARNING * * *
Something hits you but does no damage. x2
You closely miss something. You hit something but do no damage.
Something hits you but does no damage. Something hits you!
* * * LOW HITPOINT WARNING * * *
You miss something. You hit something but do no damage.
You hear some strange, mumbled words.
Something tries to affect you, but you resist.
You hear some strange, mumbled words.
A puff of flame appears from out of thin air!
The puff of flame misses you. You block something's attack.
You barely miss something. You miss something.
Something hits you but does no damage.
You miss something. x2; You block something's attack.
Something hits you but does no damage.
Unknown command.
You hit something. You burn something. You barely miss something.
Something hits you.
* * * LOW HITPOINT WARNING * * *
Something hits you but does no damage.
You hear some strange, mumbled words.
A magic dart appears from out of thin air!
The magic dart hits you but does no damage.
You slash something! You burn something. You slash something!
You burn something.
Reactivating autopickup.
You feel a bit more experienced.
You hear some strange, mumbled words.
Deactivating autopickup; reactivate with Ctrl-A.
Something tries to affect you, but you resist.
You closely miss something.
You hear some strange, mumbled words.
You are confused.
You hear some strange, mumbled words.
A puff of flame appears from out of thin air!
The puff of flame hits you! The fire burns you terribly!
You die...

...#####.#..........
#...................
#..................#
#........... #.##))
#.........## #...)#
####...)....... ###.).
............###.####.#.
..##..)))..............
.##..{@.....######.#...
#...........# #.##..
...#..##.###### #.##..
.....##.......#####.##..
..### #.......##........
. #..............###
...........#####.# #
...........## #.# #
............# #.#


There were no monsters in sight!

Vanquished Creatures
  An orc wizard (D:3)
  An adder (D:2)
  4 gnolls (D:3)
  2 worms (D:2)
  2 dart slugs (D:2)
  2 orcs (D:3)
  2 bats
  2 endoplasms
  4 giant cockroaches
  4 goblins
  3 hobgoblins
  4 jackals (D:2)
  A quokka (D:1)
  3 ball pythons
  3 frilled lizards
  7 kobolds
  5 rats
50 creatures vanquished.

Notes
Turn   | Place    | Note
-------+----------+-------------------------------------------
     0 | D:1      | grumblor the Mummy Fighter began the quest for the Orb.
     0 | D:1      | Reached XP level 1. HP: 18/18 MP: 1/1
   436 | D:1      | Reached XP level 2. HP: 20/24 MP: 2/2
  1269 | D:1      | Found a faded altar of an unknown god.
  1589 | D:2      | Gained mutation: You are in touch with the powers of death.
                  | [Mummy growth]
  1589 | D:2      | Reached XP level 3. HP: 29/30 MP: 3/3
  2147 | D:2      | Reached skill level 4 in Fighting
  2391 | D:3      | Reached XP level 4. HP: 36/37 MP: 4/4
  2638 | D:3      | Noticed Sigmund
  2656 | D:3      | Killed from afar by Sigmund

Illustrated notes

Levels and vault maps discovered:
D:1:      psy_arrival_radial01, layout_basic,
          dilly_ecumenical_altar_fadedgnrine, chequers_serial_rivers_micro_e,
          kennysheep_pointless_box, interstate_on_off, minivault_26
D:2:      layout_loops_corners, st_stairs_6
D:3:      layout_rooms, uniq_terence, uniq_sigmund

Skill      XL: |  1  2  3  4 |
---------------+-------------+-----
Axes           | 2 3 |  3.2
Fighting       | 4 |  4.3
Armour         | |  2.4
Shields        | |  2.4

Action                   |  1- 3 |  4- 6 || total
-------------------------+-------+-------++-------
Melee: War axe           |   122 |    21 ||   143
  Use: Scroll            |     5 |       ||     5
Armor: Scale mail        |    63 |    14 ||    77
Dodge: Dodged            |    59 |     7 ||    66
Block: Buckler           |    25 |     3 ||    28

Table legend: (Time is in decaauts)
 A = Elapsed time spent in this place.
 B = Non-inter-level travel time spent in this place.
 C = Inter-level travel time spent in this place.
 D = Time resting spent in this place.
 E = Time spent auto-exploring this place.
 F = Levels seen in this place.
 G = Mean time per level.
                   A        B        C        D        E       F      G
               +--------+--------+--------+--------+--------+-----+--------+
         Total |   2716 |   2638 |     78 |    210 |   2037 |   3 |  905.3 |
       Dungeon |   2716 |   2638 |     78 |    210 |   2037 |   3 |  905.3 |
               +--------+--------+--------+--------+--------+-----+--------+

Top non-repeatable levels by time:
     D:1: 1330 daAuts
     D:2: 1075 daAuts
     D:3: 311 daAuts
